Construct Section Command Post
Construct Platoon Command Post
6-pounder Anti-tank Gun Team
Selects Australian Defense Battlegroup
Selects Australian Light Infantry Section
Selects Defensive Tactics
Selects Vehicle Over Repair
Australian Light Infantry Section
Selects CMP 15cwt Supply Run
Selects Reinforced Resource Caches
Australian Light Infantry Section
Construct Company Command Post
Selects Charged Creeping Barrage